 Dungeon Crawl Stone Soup version 0.21-a0-142-gdd972a7 (webtiles) character file.

35 uglyjohn the Cudgeler (level 3, 0/34 HPs)
             Began as a Gargoyle Berserker on July 21, 2017.
             Was a Follower of Trog.
             Slain by an orc
             ... wielding a +0 club
              (3 damage)
             ... on level 3 of the Dungeon.
             The game lasted 00:03:12 (1549 turns).

uglyjohn the Cudgeler (Gargoyle Berserker)          Turns: 1549, Time: 00:03:12

Health: 0/34       AC:  9    Str: 26    XL:     3   Next: 35%
Magic:  3/3        EV: 11    Int:  7    God:    Trog [*.....]
Gold:   73         SH:  0    Dex:  9    Spells: 2/2 levels left

rFire    . . .     SeeInvis .   a - +1 mace
rCold    . . .     Gourm    .   (no shield)
rNeg     + . .     Faith    .   f - +0 ring mail
rPois    ∞         Spirit   .   (no helmet)
rElec    +         Reflect  .   (no cloak)
rCorr    .         Harm     .   (no gloves)
MR       .....                  d - +0 pair of boots
Stlth    ..........             (no amulet)
HPRegen  0.11/turn              m - ring of loudness (curse)
MPRegen  0.08/turn              (no ring)

@: berserking, very quick
A: negative energy resistance 1, electricity resistance, unbreathing,
petrification resistance, rot immunity, AC +3
a: Berserk, Burn Spellbooks, Renounce Religion


You were on level 3 of the Dungeon.
You worshipped Trog.
Trog was aware of your devotion.
You were very hungry.

You visited 1 branch of the dungeon, and saw 3 of its levels.

You collected 73 gold pieces.

Inventory:

Hand Weapons
 a - a +1 mace (weapon)
Missiles
 p - 14 bolts
Armour
 d - a +0 pair of boots (worn)
 f - a +0 ring mail (worn)
Jewellery
 m - a cursed ring of loudness (left hand)
Scrolls
 g - a scroll of identify
 k - a scroll of remove curse {unknown}
 q - a scroll of blinking {unknown}
Potions
 b - 3 potions of cancellation
 e - a potion of brilliance
 h - a potion of agility {unknown}
 n - a potion of magic {unknown}
 o - a potion of heal wounds {unknown}
Comestibles
 c - a bread ration
 i - 6 chunks of flesh
 j - 2 meat rations
 l - 2 royal jellies


   Skills:
 - Level 3.2 Fighting
 + Level 4.3 Maces & Flails
 - Level 2.1 Armour
 - Level 1.5 Dodging


You had 2 spell levels left.
You didn't know any spells.

Dungeon Overview and Level Annotations

Branches:
Dungeon (3/15)

Altars:
The Shining One


Innate Abilities, Weirdness & Mutations

You are resistant to torment.
Your stone body is resilient. (AC +3)
You are immune to poison.
You resist negative energy. (rN+)
You are resistant to electric shocks. (rElec)
You can survive without breathing.
You are immune to petrification.
You are immune to rotting.


Message History

The orc hits you with a club.
* * * LOW HITPOINT WARNING * * *
You barely miss the orc.
The orc is severely wounded.
The orc hits you with a club.
* * * LOW HITPOINT WARNING * * *
Okay, then.
Unknown command.
Okay, then.
A red film seems to cover your vision as you go berserk!
You feel yourself moving faster!
You feel mighty!
You are feeling very hungry.
The orc hits you but does no damage.
You sock the orc!
You kill the orc!
Trog accepts your kill.
An orc comes into view.
The orc shouts!
The orc hits you with a club.
You die...

### ... #.o #
#o# #? #.#
#.. #o#
#...##o#####
#..o@...#
#.#.###.?....
#.#.# ####. .
#.# ## #.#
#.########.#
#...<......#
############


You could see an orc priest and 3 orcs.

Vanquished Creatures
  A worm (D:2)
  A dart slug (D:1)
  A leopard gecko (D:2)
  2 orcs (D:3)
  A giant cockroach (D:1)
  5 goblins
  A hobgoblin (D:1)
  A ball python (D:1)
  8 bats
  3 kobolds
  2 rats
26 creatures vanquished.

Notes
Turn   | Place    | Note
-------+----------+-------------------------------------------
     0 | D:1      | uglyjohn the Gargoyle Berserker began the quest for the Orb.
     0 | D:1      | Reached XP level 1. HP: 14/14 MP: 1/1
   426 | D:1      | Reached XP level 2. HP: 13/19 MP: 2/2
  1052 | D:2      | Found a glowing golden altar of the Shining One.
  1090 | D:2      | Reached skill level 4 in Maces & Flails
  1261 | D:2      | Reached XP level 3. HP: 22/23 MP: 3/3
  1549 | D:3      | Slain by an orc

Vault maps used:
D:1:      dpeg_arrival_solitude
D:2:      tso_metal_star
D:3:      lemuel_round_altar, lemuel_coloured_pillars_altar

Skill      XL: |  1  2 |
---------------+-------+-----
Maces & Flails | 4 |  4.3
Fighting       | |  3.2
Armour         | |  2.1
Dodging        | |  1.5

Action                   || total
-------------------------++-------
Melee: Mace              ||    84
Invok: Berserk           ||     1
  Use: Scroll            ||     4
  Eat: Chunk             ||     2
Armor: Ring mail         ||    52
Dodge: Dodged            ||    60
